TOP OF THE 1ST |
Montreal Expos batting - Pitching for Minnesota Twins : LHP Billy Kline
|
Pitching: LHP Billy Kline
|
|
Batting: SHB Bran Stark
|
0-0: Ball 1-0: Ball 2-0: Fly out, F9 (Line Drive, 9, EV 96.9 MPH)
|
Batting: RHB Robby Juarez
|
0-0: Ball 1-0: Swinging Strike 1-1: Called Strike 1-2: Ground out 5-3 (Groundball, 56S, EV 62.5 MPH)
|
Batting: RHB Mike Salmon
|
0-0: Foul Ball, location: 2F 0-1: Ball 1-1: Foul Ball, location: 2F 1-2: Ground out 4-3 (Groundball, 4, EV 83.1 MPH)
|
Top of the 1st over - 0 runs, 0 hits, 0 errors, 0 left on base; Montreal 0 - Minnesota 0 |
BOTTOM OF THE 1ST |
Minnesota Twins batting - Pitching for Montreal Expos : LHP Brian White
|
Pitching: LHP Brian White
|
|
Batting: RHB Jesse Scott
|
0-0: Ground out 6-3 (Groundball, 6, EV 83.1 MPH)
|
Batting: RHB Hildo Pot
|
0-0: Ball 1-0: Ball 2-0: DOUBLE (Flyball, 78D, EV 111.2 MPH)
|
Batting: LHB Joel Kunkler
|
0-0: Ball 1-0: Foul Ball, location: 2F 1-1: Ball 2-1: Swinging Strike 2-2: Ball 3-2: Base on Balls
|
Batting: RHB José Molina
|
0-0: Called Strike 0-1: Ball 1-1: Swinging Strike 1-2: Foul Ball, location: 2F 1-2: Strikes out swinging
|
Batting: RHB Matthew Starr
|
0-0: Called Strike 0-1: Foul Ball, location: 2F 0-2: Ball 1-2: Ball 2-2: Strikes out swinging
|
Bottom of the 1st over - 0 runs, 1 hit, 0 errors, 2 left on base; Montreal 0 - Minnesota 0 |
TOP OF THE 2ND |
Montreal Expos batting - Pitching for Minnesota Twins : LHP Billy Kline
|
Batting: RHB Hugo Bautista
|
0-0: Ball 1-0: Ball 2-0: Ball 3-0: Base on Balls
|
Batting: SHB Pete Barutha
|
0-0: Grounds into double play, 6-4-3 (Groundball, 6, EV 100.6 MPH)
|
Batting: RHB John Ham
|
0-0: Fly out, F8 (Flyball, 89S, EV 90.0 MPH)
|
Top of the 2nd over - 0 runs, 0 hits, 0 errors, 0 left on base; Montreal 0 - Minnesota 0 |
BOTTOM OF THE 2ND |
Minnesota Twins batting - Pitching for Montreal Expos : LHP Brian White
|
Batting: LHB Sadamu Noguchi
|
0-0: Foul Ball, location: 2F 0-1: Ball 1-1: Foul Ball, location: 2F 1-2: Strikes out looking
|
Batting: RHB Väinö Tapaninen
|
0-0: Ground out 4-3 (Groundball, 4M, EV 88.1 MPH)
|
Batting: RHB Yonetoshi Muranaka
|
0-0: Called Strike 0-1: Ball 1-1: Ground out 6-3 (Groundball, 56, EV 100.0 MPH)
|
Bottom of the 2nd over - 0 runs, 0 hits, 0 errors, 0 left on base; Montreal 0 - Minnesota 0 |
TOP OF THE 3RD |
Montreal Expos batting - Pitching for Minnesota Twins : LHP Billy Kline
|
Batting: RHB Jared McClernon
|
0-0: Ball 1-0: Ball 2-0: Called Strike 2-1: Called Strike 2-2: SINGLE (Groundball, 25, EV 71.2 MPH) (infield hit)
|
Batting: RHB Nick Sharp
|
0-0: Called Strike 0-1: Called Strike 0-2: Reached on error, E6 (Groundball, 6, EV 96.9 MPH) Jared McClernon to second
|
Batting: LHB Steve Anderson
|
0-0: Ball 1-0: Foul Ball, location: 2F 1-1: Foul Ball, location: 2F 1-2: Fly out, F8 (Line Drive, 8RD, EV 85.6 MPH) Runner from 2nd tags up, SAFE at 3rd with throw by CF
|
Batting: SHB Bran Stark
|
0-0: Ball 1-0: Called Strike 1-1: Ball 2-1: Foul Ball, location: 2F 2-2: Grounds into double play, 4-6-3 (Groundball, 4, EV 82.5 MPH)
|
Top of the 3rd over - 0 runs, 1 hit, 1 error, 1 left on base; Montreal 0 - Minnesota 0 |
BOTTOM OF THE 3RD |
Minnesota Twins batting - Pitching for Montreal Expos : LHP Brian White
|
Batting: RHB Josh Zoglmann
|
0-0: Ball 1-0: SINGLE (Flyball, 89S, EV 87.5 MPH)
|
Batting: RHB Jesse Scott
|
0-0: Ball 1-0: Bunted foul 1-1: Bunt - Flyout to 15S! F1
|
Batting: RHB Hildo Pot
|
0-0: Ball 1-0: Ball 2-0: Called Strike 2-1: Swinging Strike 2-2: Foul Ball, location: 2F 2-2: Strikes out swinging Josh Zoglmann steals 2nd base Batter strikes out.
|
Batting: LHB Joel Kunkler
|
0-0: Foul Ball, location: 2F 0-1: Swinging Strike 0-2: Ball 1-2: Ball 2-2: Ground out 4-3 (Groundball, 4, EV 110.6 MPH)
|
Bottom of the 3rd over - 0 runs, 1 hit, 0 errors, 1 left on base; Montreal 0 - Minnesota 0 |
TOP OF THE 4TH |
Montreal Expos batting - Pitching for Minnesota Twins : LHP Billy Kline
|
Batting: RHB Robby Juarez
|
0-0: Foul Ball, location: 2F 0-1: Ball 1-1: Ground out 5-3 (Groundball, 56S, EV 85.6 MPH)
|
Batting: RHB Mike Salmon
|
0-0: Called Strike 0-1: SINGLE (Line Drive, 9S, EV 101.9 MPH)
|
Batting: RHB Hugo Bautista
|
0-0: Ball 1-0: Foul Ball, location: 2F 1-1: Called Strike 1-2: Ball 2-2: DOUBLE (Flyball, 89XD, EV 111.2 MPH) Mike Salmon to third Runner from 3rd tries for Home, SAFE, throw by CF to trailing runner, SAFE at third!
|
Batting: SHB Pete Barutha
|
0-0: Ball 1-0: Ball 2-0: SINGLE (Groundball, 56D, EV 109.4 MPH) Hugo Bautista scores
|
Batting: RHB John Ham
|
0-0: Called Strike 0-1: Ball 1-1: Ball 2-1: Swinging Strike 2-2: Foul Ball, location: 2F 2-2: Fly out, F9 (Flyball, 89S, EV 82.5 MPH)
|
Batting: RHB Jared McClernon
|
0-0: Ball 1-0: SINGLE (Groundball, 6MD, EV 106.9 MPH) Pete Barutha to second Runner from 2nd tries for 3rd, SAFE, throw by CF made to third Jared McClernon to second
|
Batting: RHB Nick Sharp
|
0-0: Ball 1-0: Ball 2-0: Ball 3-0: Called Strike 3-1: Base on Balls
|
Batting: LHB Steve Anderson
|
0-0: Ground out 4-3 (Groundball, 4, EV 104.4 MPH)
|
Top of the 4th over - 2 runs, 4 hits, 0 errors, 3 left on base; Montreal 2 - Minnesota 0 |
BOTTOM OF THE 4TH |
Minnesota Twins batting - Pitching for Montreal Expos : LHP Brian White
|
Batting: RHB José Molina
|
0-0: Called Strike 0-1: Ball 1-1: Fly out, F9 (Line Drive, 9, EV 91.9 MPH)
|
Batting: RHB Matthew Starr
|
0-0: Swinging Strike 0-1: Foul Ball, location: 2F 0-2: Ball 1-2: Ball 2-2: Strikes out swinging
|
Batting: LHB Sadamu Noguchi
|
0-0: Called Strike 0-1: Ball 1-1: Ball 2-1: Ground out 6-3 (Groundball, 6, EV 101.9 MPH)
|
Bottom of the 4th over - 0 runs, 0 hits, 0 errors, 0 left on base; Montreal 2 - Minnesota 0 |
TOP OF THE 5TH |
Montreal Expos batting - Pitching for Minnesota Twins : LHP Billy Kline
|
Batting: SHB Bran Stark
|
0-0: Swinging Strike 0-1: SINGLE (Line Drive, 89S, EV 110.6 MPH)
|
Batting: RHB Robby Juarez
|
0-0: Ball 1-0: Grounds into double play, 6-4-3 (Groundball, 6, EV 86.9 MPH)
|
Batting: RHB Mike Salmon
|
0-0: Foul Ball, location: 2F 0-1: Ground out 4-3 (Groundball, 4, EV 87.5 MPH)
|
Top of the 5th over - 0 runs, 1 hit, 0 errors, 0 left on base; Montreal 2 - Minnesota 0 |
BOTTOM OF THE 5TH |
Minnesota Twins batting - Pitching for Montreal Expos : LHP Brian White
|
Batting: RHB Väinö Tapaninen
|
0-0: Ball 1-0: Called Strike 1-1: Ball 2-1: Ground out 5-3 (Groundball, 56S, EV 78.1 MPH)
|
Batting: RHB Yonetoshi Muranaka
|
0-0: Ball 1-0: Ground out U3 (Groundball, 13, EV 83.8 MPH)
|
Batting: RHB Josh Zoglmann
|
0-0: Called Strike 0-1: Ground out 3-1 (Groundball, 34, EV 105.0 MPH)
|
Bottom of the 5th over - 0 runs, 0 hits, 0 errors, 0 left on base; Montreal 2 - Minnesota 0 |
TOP OF THE 6TH |
Montreal Expos batting - Pitching for Minnesota Twins : LHP Billy Kline
|
Batting: RHB Hugo Bautista
|
0-0: Foul Ball, location: 2F 0-1: Ground out 5-3 (Groundball, 56, EV 100.0 MPH)
|
Batting: SHB Pete Barutha
|
0-0: Swinging Strike 0-1: Called Strike 0-2: Ground out 5-3 (Groundball, 56, EV 85.0 MPH)
|
Batting: RHB John Ham
|
0-0: Ball 1-0: Ball 2-0: Ball 3-0: Called Strike 3-1: Ground out 6-3 (Groundball, 6, EV 102.5 MPH)
|
Top of the 6th over - 0 runs, 0 hits, 0 errors, 0 left on base; Montreal 2 - Minnesota 0 |
BOTTOM OF THE 6TH |
Minnesota Twins batting - Pitching for Montreal Expos : LHP Brian White
|
Batting: RHB Jesse Scott
|
0-0: Called Strike 0-1: Ball 1-1: Called Strike 1-2: Ball 2-2: Strikes out swinging
|
Batting: RHB Hildo Pot
|
0-0: Ball 1-0: Fly out, F8 (Line Drive, 8RD, EV 99.4 MPH)
|
Batting: LHB Joel Kunkler
|
0-0: Foul Ball, location: 2F 0-1: Fly out, F3 (Popup, 34S, EV 79.4 MPH)
|
Bottom of the 6th over - 0 runs, 0 hits, 0 errors, 0 left on base; Montreal 2 - Minnesota 0 |
TOP OF THE 7TH |
Montreal Expos batting - Pitching for Minnesota Twins : LHP Billy Kline
|
Batting: RHB Jared McClernon
|
0-0: Ball 1-0: Ground out 6-3 (Groundball, 6, EV 79.4 MPH)
|
Batting: RHB Nick Sharp
|
0-0: Ground out 6-3 (Groundball, 6, EV 78.1 MPH)
|
Batting: LHB Steve Anderson
|
0-0: Ball 1-0: TRIPLE (Line Drive, 9D, EV 109.4 MPH)
|
Batting: SHB Bran Stark
|
0-0: Swinging Strike 0-1: Foul Ball, location: 2F 0-2: Ball 1-2: SINGLE (Groundball, 34S, EV 75.0 MPH) (infield hit) Steve Anderson scores
|
Pitching: RHP Steffen Joseph
|
|
Batting: RHB Robby Juarez
|
0-0: Called Strike Bran Stark steals 2nd base 0-1: Foul Ball, location: 2F 0-2: Strikes out swinging
|
Top of the 7th over - 1 run, 2 hits, 0 errors, 1 left on base; Montreal 3 - Minnesota 0 |
BOTTOM OF THE 7TH |
Minnesota Twins batting - Pitching for Montreal Expos : LHP Brian White
|
Batting: RHB José Molina
|
0-0: Ball 1-0: Ball 2-0: Swinging Strike 2-1: Foul Ball, location: 2F 2-2: Strikes out swinging
|
Batting: RHB Matthew Starr
|
0-0: Ball 1-0: Ball 2-0: Ball 3-0: Base on Balls
|
Batting: LHB Sadamu Noguchi
|
0-0: Called Strike 0-1: SINGLE (Groundball, 6D, EV 106.2 MPH) Matthew Starr to second
|
Batting: RHB Väinö Tapaninen
|
0-0: Ground out 6-3 (Groundball, 4MS, EV 74.4 MPH) Matthew Starr to third Sadamu Noguchi to second
|
Batting: RHB Yonetoshi Muranaka
|
0-0: Called Strike 0-1: Ball 1-1: Foul Ball, location: 2F 1-2: Fly out, F7 (Line Drive, 7S, EV 95.0 MPH)
|
Bottom of the 7th over - 0 runs, 1 hit, 0 errors, 2 left on base; Montreal 3 - Minnesota 0 |
TOP OF THE 8TH |
Montreal Expos batting - Pitching for Minnesota Twins : RHP Steffen Joseph
|
Batting: RHB Mike Salmon
|
0-0: Fly out, F6 (Popup, 6MS, EV 65.6 MPH)
|
Batting: RHB Hugo Bautista
|
0-0: Ball 1-0: Ball 2-0: Called Strike 2-1: Called Strike 2-2: Ball 3-2: Fly out, F2 (Popup, 15S, EV 81.2 MPH)
|
Batting: SHB Pete Barutha
|
0-0: Fly out, F8 (Flyball, 8RM, EV 81.9 MPH)
|
Top of the 8th over - 0 runs, 0 hits, 0 errors, 0 left on base; Montreal 3 - Minnesota 0 |
BOTTOM OF THE 8TH |
Minnesota Twins batting - Pitching for Montreal Expos : LHP Brian White
|
Batting: RHB Josh Zoglmann
|
0-0: Ball 1-0: Swinging Strike 1-1: Ball 2-1: Ball 3-1: SINGLE (Groundball, 56D, EV 103.8 MPH)
|
Batting: RHB Jesse Scott
|
0-0: Called Strike 0-1: Called Strike 0-2: Ball 1-2: Ball 2-2: Grounds into double play, 5-4-3 (Groundball, 5, EV 81.9 MPH)
|
Batting: RHB Hildo Pot
|
0-0: Ball 1-0: Called Strike 1-1: Foul Ball, location: 2F 1-2: Ball 2-2: Foul Ball, location: 2F 2-2: Fly out, F4 (Popup, 4D, EV 71.2 MPH)
|
Bottom of the 8th over - 0 runs, 1 hit, 0 errors, 0 left on base; Montreal 3 - Minnesota 0 |
TOP OF THE 9TH |
Montreal Expos batting - Pitching for Minnesota Twins : RHP Steffen Joseph
|
Batting: RHB John Ham
|
0-0: Called Strike 0-1: Ground out 5-3 (Groundball, 56, EV 83.8 MPH)
|
Batting: RHB Jared McClernon
|
0-0: Ball 1-0: Called Strike 1-1: DOUBLE (Line Drive, 5D, EV 100.6 MPH)
|
Batting: RHB Nick Sharp
|
0-0: Ball Jared McClernon is caught stealing 3rd base 2-5 1-0: Ground out 5-3 (Groundball, 25, EV 83.8 MPH)
|
Top of the 9th over - 0 runs, 1 hit, 0 errors, 0 left on base; Montreal 3 - Minnesota 0 |
BOTTOM OF THE 9TH |
Minnesota Twins batting - Pitching for Montreal Expos : LHP Brian White
|
Pitching: RHP Jeff Urry
|
|
Batting: LHB Joel Kunkler
|
0-0: Swinging Strike 0-1: Foul Ball, location: 2F 0-2: Strikes out swinging
|
Batting: RHB José Molina
|
0-0: Called Strike 0-1: Ball 1-1: Ball 2-1: Swinging Strike 2-2: Ball 3-2: Strikes out swinging
|
Batting: RHB Matthew Starr
|
0-0: Ball 1-0: Called Strike 1-1: Foul Ball, location: 2F 1-2: Ball 2-2: Foul Ball, location: 2F 2-2: Foul Ball, location: 2F 2-2: Strikes out looking
|
Bottom of the 9th over - 0 runs, 0 hits, 0 errors, 0 left on base; Montreal 3 - Minnesota 0 |
|